 Dungeon Crawl Stone Soup version 0.23.2-30-g0e89c35649 (webtiles) character file.

Game seed: 5215465439911218345

144 shadizar the Shield-Bearer (level 5, -3/47 HPs)
             Began as a Minotaur Fighter on June 8, 2019.
             Killed by nerve-wracking pain
             ... invoked by Grinder
              (14 damage)
             ... on level 3 of the Dungeon.
             The game lasted 00:03:00 (2412 turns).

shadizar the Shield-Bearer (Minotaur Fighter)       Turns: 2412, Time: 00:03:01

Health: -3/47      AC:  7    Str: 26    XL:     5   Next: 5%
Magic:  4/4        EV:  8    Int:  5    God:
Gold:   161        SH: 10    Dex: 10    Spells: 4/4 levels left

rFire    . . .     SeeInvis .   a - +0 war axe
rCold    . . .     Gourm    .   c - +0 shield
rNeg     . . .     Faith    .   b - +0 scale mail
rPois    .         Spirit   .   (helmet restricted)
rElec    .         Reflect  .   (no cloak)
rCorr    .         Harm     .   (no gloves)
MR       .....                  (no boots)
Stlth    ..........             (no amulet)
HPRegen  0.15/turn              (no ring)
MPRegen  0.09/turn              (no ring)

@: mighty
A: retaliatory headbutt, horns 2
a: no special abilities


You were on level 3 of the Dungeon.
You were not hungry.

You visited 1 branch of the dungeon, and saw 3 of its levels.

You collected 161 gold pieces.

Inventory:

Hand Weapons
 a - a +0 war axe (weapon)
 m - a +3 antimagic halberd
Missiles
 k - 7 tomahawks of returning (quivered)
Armour
 b - a +0 scale mail (worn)
 c - a +0 shield (worn)
Jewellery
 p - a +3 amulet of reflection {unknown}
Wands
 n - a wand of iceblast (8)
 o - a wand of polymorph (2)
Scrolls
 e - 3 scrolls of identify {unknown}
 g - a scroll of magic mapping {unknown}
 h - 3 scrolls of remove curse {unknown}
 j - 4 scrolls of fear {unknown}
Potions
 d - a potion of might
 i - a potion of heal wounds {unknown}
 l - 2 potions of curing {unknown}
Comestibles
 f - 6 rations
 q - 5 chunks of flesh


   Skills:
 + Level 4.4 Fighting
 + Level 4.2 Axes
 + Level 4.4 Armour
 + Level 0.3 Dodging
 + Level 4.6 Shields


You had 4 spell levels left.
You didn't know any spells.
Your spell library was empty.

Dungeon Overview and Level Annotations

Branches:
Dungeon (3/15)

Altars:
Ashenzari

Annotations:
D:3 Grinder


Innate Abilities, Weirdness & Mutations

You reflexively headbutt those who attack you in melee.
You have a pair of horns on your head.


Message History

* * * LOW HITPOINT WARNING * * *
Unknown command.
Unknown command.
Unknown command.
Unknown command.
Unknown command.
Unknown command.
Unknown command.
Unknown command.
Unknown command.
Unknown command.
You closely miss Grinder.
Grinder is heavily wounded.
Grinder hits you but does no damage.
Unknown command.
You hit Grinder. Your headbutt misses Grinder.
Grinder is heavily wounded.
Grinder gestures at you. Pain shoots through your body!
You die...

#### #..# # #..# #.#...
#.##.#########
####...5@........
........#################
.........................
#########################


You could see Grinder.

Vanquished Creatures
  Robin (D:3)
  3 gnolls (D:2)
  An adder (D:3)
  An ooze (D:1)
  4 worms
  A dart slug (D:2)
  2 leopard geckos (D:3)
  6 orcs (D:3)
  4 giant cockroaches
  10 goblins
  12 hobgoblins
  3 jackals (D:1)
  2 kobolds
  6 bats
  4 frilled lizards
  4 rats
64 creatures vanquished.

Notes
Turn   | Place    | Note
-------+----------+-------------------------------------------
     0 | D:1      | shadizar the Minotaur Fighter began the quest for the Orb.
     0 | D:1      | Reached XP level 1. HP: 19/19 MP: 0/0
   193 | D:1      | Reached XP level 2. HP: 22/27 MP: 1/1
   720 | D:2      | Reached XP level 3. HP: 33/33 MP: 2/2
  1643 | D:2      | Found a shattered altar of Ashenzari.
  1645 | D:2      | Reached XP level 4. HP: 35/40 MP: 3/3
  1982 | D:3      | Noticed Robin
  2181 | D:3      | Killed Robin
  2319 | D:3      | Reached XP level 5. HP: 42/47 MP: 4/4
  2384 | D:3      | Noticed Grinder
  2387 | D:3      | Paralysed by Grinder for 7 turns
  2404 | D:3      | Paralysed by Grinder for 6 turns
  2412 | D:3      | Killed from afar by Grinder

Skill      XL: |  1  2  3  4 |
---------------+-------------+-----
Fighting       | 4 |  4.4
Shields        | 4 |  4.6
Axes           | 3 4 |  4.2
Armour         | 4 |  4.4
Dodging        | |  0.3

Action                   |  1- 3 |  4- 6 || total
-------------------------+-------+-------++-------
Melee: War axe           |    77 |    64 ||   141
       Headbutt          |    16 |     9 ||    25
       Unarmed           |       |     3 ||     3
  Use: Potion            |       |     1 ||     1
  Eat: Chunk             |     2 |     3 ||     5
Armor: Scale mail        |    37 |    37 ||    74
Dodge: Dodged            |    27 |    22 ||    49
Block: Shield            |    42 |    24 ||    66
